 Dungeon Crawl Stone Soup version 0.27-a0-1332-g84bddb5ca7 (webtiles) character file.

Game seed: 5329923802032522077

16 Brandom the Sneak (level 2, -1/26 HPs)
             Began as a Demigod Delver on June 26, 2021.
             Slain by a wyvern zombie (9 damage)
             ... on level 5 of the Dungeon.
             The game lasted 00:00:35 (221 turns).

Brandom the Sneak (Demigod Delver)                   Turns: 221, Time: 00:00:35

Health: -1/26      AC:  8    Str: 13    XL:     2   Next: 27%
Magic:  4/4        EV:  6    Int: 12    God:
Gold:   0          SH:  0    Dex: 15    Spells: 1/1 levels left

rFire    . . .     SeeInvis .   a - +0 falchion
rCold    . . .     Faith    .   (no shield)
rNeg     . . .     Spirit   .   g - +0 chain mail
rPois    .         Reflect  .   (no helmet)
rElec    .         Harm     .   (no cloak)
rCorr    .         Rampage  .   (no gloves)
Will     .....                  (no boots)
Stlth    ..........             (no amulet)
HPRegen  0.08/turn              (no ring)
MPRegen  0.09/turn              (no ring)

@: no status effects
A: high mp 1, forlorn
a: no special abilities


You were on level 5 of the Dungeon.
You visited 1 branch of the dungeon, and saw 1 of its levels.

Inventory:

Hand Weapons
 a - a +0 falchion (weapon)
Armour
 b - a +0 leather armour
 g - a +0 chain mail (worn)
   (You found it on level 5 of the Dungeon)
Wands
 v - a wand of digging (3)
Scrolls
 c - a scroll of fog
 d - a scroll of magic mapping
 e - a scroll of fear
Potions
 f - a potion of haste {@q3}


   Skills:
 * Level 3.0 Fighting
 * Level 2.2 Long Blades
 + Level 2.0 Dodging
 - Level 4.5 Stealth


You had one spell level left.
You didn't know any spells.
Your spell library was empty.

Dungeon Overview and Level Annotations

Branches:
Dungeon (5/15)
 Temple: D:4-7


Innate Abilities, Weirdness & Mutations

Your attributes grow dramatically as you level up.
You have an increased reservoir of magic. (+10% MP)
You shall have no god before yourself.


Message History

You barely miss the worm.
Unknown command.
Your chain mail prevents you from hitting the worm.
Unknown command.
You hit the worm. The worm bites you!
* * * LOW HITPOINT WARNING * * *
You are too injured to fight recklessly!
Unknown command.
You are too injured to fight recklessly!
Unknown command.
Unknown command.
You hit the worm. The worm bites you.
* * * LOW HITPOINT WARNING * * *
You hit the worm.
Unknown command.
You hit the worm. The worm barely misses you.
Unknown command.
You hit the worm.
You kill the worm!
Unknown command.
You start resting.
An ufetubus comes into view.
Found a scale mail.
You start resting.
A wyvern zombie comes into view.
The wyvern zombie bites you.
You hit the wyvern zombie. The wyvern zombie bites you. x2
* * * LOW HITPOINT WARNING * * *
You barely miss the wyvern zombie.
The wyvern zombie bites you but does no damage. x2
Unknown command.
You hit the wyvern zombie.
The wyvern zombie bites you but does no damage.
Unknown command.
You hit the wyvern zombie but do no damage.
The wyvern zombie bites you.
* * * LOW HITPOINT WARNING * * *
The wyvern zombie bites you but does no damage.
Unknown command.
You hit the wyvern zombie. The wyvern zombie bites you.
* * * LOW HITPOINT WARNING * * *
Unknown command.
You hit the wyvern zombie. The wyvern zombie barely misses you.
The wyvern zombie bites you but does no damage.
Unknown command.
You hit the wyvern zombie. The wyvern zombie bites you.
* * * LOW HITPOINT WARNING * * *
You hit the wyvern zombie but do no damage.
The wyvern zombie bites you!
You die...

##############
..............
#..........#
#..........#
####..........#
.[............#
#..........#
#†.Z@......#
#.##########
#.########
#.........
#.........
#########........
#............5...
#.######.....####
#.....#..


You could see a wyvern zombie.

Vanquished Creatures
  A hound skeleton (D:5)
  A worm (D:5)
2 creatures vanquished.

Notes
Turn   | Place    | Note
-------+----------+-------------------------------------------
     0 | D:5      | Brandom the Demigod Delver began the quest for the Orb.
     0 | D:5      | Reached XP level 1. HP: 18/18 MP: 3/3
    65 | D:5      | Reached XP level 2. HP: 17/26 MP: 4/4
   221 | D:5      | Slain by a wyvern zombie

Illustrated notes

Levels and vault maps discovered:
D:5:      layout_basic

Skill      XL: |  1 |
---------------+----+-----
Fighting       | 3 |  3.0
Long Blades    | 2 |  2.2
Dodging        | 2 |  2.0
Stealth        | |  4.5

Action                   || total
-------------------------++-------
Melee: Falchion          ||    23
Armor: Chain mail        ||    12
Dodge: Dodged            ||     7
       Rpst.: Falchion   ||     2

Table legend: (Time is in decaauts)
 A = Elapsed time spent in this place.
 B = Non-inter-level travel time spent in this place.
 C = Inter-level travel time spent in this place.
 D = Time resting spent in this place.
 E = Time spent auto-exploring this place.
 F = Levels seen in this place.
 G = Mean time per level.
                   A        B        C        D        E       F      G
               +--------+--------+--------+--------+--------+-----+--------+
         Total |    225 |    225 |      0 |    133 |     36 |   1 |  225.0 |
       Dungeon |    225 |    225 |      0 |    133 |     36 |   1 |  225.0 |
               +--------+--------+--------+--------+--------+-----+--------+

Top non-repeatable levels by time:
     D:5: 225 daAuts
